 Dungeon Crawl Stone Soup version 0.14.1-18-g0856e53 (webtiles) character file.

16984 BoredOne the Martial Artist (level 12, 0/83 HPs)
             Began as a Red Draconian Transmuter on June 5, 2014.
             Was a Follower of Ashenzari.
             Succumbed to a spiny frog's poison
             ... on Level 2 of the Lair of Beasts.
             The game lasted 01:13:49 (23201 turns).

BoredOne the Martial Artist (DrTm)                 Turns: 23201, Time: 01:13:49

HP   0/83        AC 10     Str 13      XL: 12   Next:  8%
MP  27/27        EV 10     Int 14      God: Ashenzari [*.....]
Gold 755         SH 20     Dex 14      Spells:  6 memorised,  5 levels left

rFire  + . .     SeeInvis +       - Unarmed
rCold  . . .     Clarity  .     (armour unavailable)
rNeg   . . .     Conserve +     t - +0 shield (curse)
rPois  .         rCorr    .     (helmet restricted)
rElec  .         rRot     .     (no cloak)
SustAb . .       Spirit   .     (no gloves)
rMut   .         Warding  .     M - +1 pair of boots (curse)
Saprov . . .     Stasis   .     i - cursed amulet of conservation
MR     +....                    p - ring of see invisible
                                q - cursed ring of protection from magic

@: flying, lethally poisoned, very slightly contaminated, somewhat resistant to
hostile enchantments, unstealthy
A: breathe fire, unfitting armour, blurry vision 1, dopey 1, fire resistance 1,
slow healing 1, AC +8
a: Breathe Fire, Renounce Religion


You were on level 2 of the Lair of Beasts.
You worshipped Ashenzari.
Ashenzari was aware of your devotion.
You were not hungry.

You visited 3 branches of the dungeon, and saw 14 of its levels.

You collected 807 gold pieces.
You spent 52 gold pieces at shops.

Inventory:

Hand weapons
 W - the +9,+8 trident of the Evil Eye {drain, rF++ MR+ Str+3}
   (You found it on level 9 of the Dungeon)

   A truly terrible weapon, it drains the life of those it strikes.
   It affects your strength (+3).
   It greatly protects you from fire.
   It affects your resistance to hostile enchantments.
Missiles
 b - 37 arrows
 x - 8 curare-tipped needles
 I - 7 tomahawks (quivered)
Armour
 t - a cursed +0 shield (worn)
 D - a +0 buckler
 M - a cursed +1 pair of boots (worn)
Magical devices
 d - a wand of enslavement (11) {unknown}
 z - a wand of frost (17)
 J - a wand of cold (6)
 R - a wand of draining (7)
Comestibles
 a - 7 bread rations
 l - 5 cheeses
 v - an apple
 w - 2 meat rations
 A - 3 rotting chunks of wolf flesh {@w1}
Scrolls
 e - 3 scrolls of amnesia
 j - 3 scrolls of remove curse
 s - a scroll of immolation
 u - 2 scrolls of curse jewellery
Jewellery
 h - an uncursed ring of ice
 i - a cursed amulet of conservation (around neck)
 o - an uncursed amulet of resist mutation
 p - a ring of see invisible (right hand)
 q - a cursed ring of protection from magic (left hand)
 K - an uncursed ring of fire
 P - an uncursed ring of magical power
Potions
 c - a potion of might
 g - 2 potions of brilliance
 m - 4 potions of magic
 E - a potion of cure mutation {!q}
 H - 3 potions of restore abilities
Books
 y - a book of Transfigurations

   Spells                             Type                      Level
   *Stoneskin                         Transmutation/Earth          2
   Ice Form                           Ice/Transmutation            4
   Statue Form                        Transmutation/Earth          6
   *Dragon Form                       Transmutation                7
Miscellaneous
 Q - a plain deck of war {the Dance}


   Skills:
 - Level 1.1 Fighting
 - Level 1.7 Dodging
 + Level 6.8 Shields
 + Level 12.5 Unarmed Combat
 - Level 7.0 Spellcasting
 + Level 11.9 Transmutations


You had 5 spell levels left.
You knew the following spells:

 Your Spells              Type           Power        Failure   Level  Hunger
a - Beastly Appendage     Trmt           #####.       1%          1    None
b - Sticks to Snakes      Trmt           #####.....   1%          2    None
c - Dragon Form           Trmt           #####.....   99%         7    #######
f - Blade Hands           Trmt           #####.....   8%          5    #####..
s - Spider Form           Trmt/Pois      ###.......   10%         3    ###....
v - Stoneskin             Trmt/Erth      ###.......   4%          2    None


Dungeon Overview and Level Annotations

Branches:
Dungeon (11/15)            Temple (1/1) D:5            Lair (2/8) D:8
    Orc: D:9-12

Altars:
Ashenzari
Cheibriados
Dithmenos
Elyvilon
Fedhas
Kikubaaqudgha
Makhleb
Nemelex Xobeh
Okawaru
Sif Muna
Trog
Vehumet
Xom
Yredelemnul
Zin
The Shining One

Shops:
D:7 *   D:9 *(


Innate Abilities, Weirdness & Mutations

You can breathe blasts of fire.*
Your fiery red scales are hard (AC +8).*
Your body does not fit into most forms of armour.
Your cold-blooded metabolism reacts poorly to cold.
Your flesh is heat resistant.*
Your vision is a little blurry.
You are dopey. (Int -2)
You heal slowly when monsters are visible.


Message History

* * * LOW HITPOINT WARNING * * *
You feel sick.
Drink which item? (? for menu, Esc to quit)
You feel very buoyant.
You fly up into the air.
It was a potion of flight.
* * * LOW HITPOINT WARNING * * *
You feel sick.
Drink which item? (? for menu, Esc to quit)
You feel extremely strange.
Your vision blurs.
You feel stupid.
Your natural healing is weakened.
It was a potion of mutation.
* * * LOW HITPOINT WARNING * * *
You feel sick.
* * * LOW HITPOINT WARNING * * *
You feel sick.
* * * LOW HITPOINT WARNING * * *
You feel sick.
* * * LOW HITPOINT WARNING * * *
You feel sick.
You die...

####.## ###.##
#..#...# ###P'f##
##.##.#+.# #..'.#..
#.#....# ......!..##
#..#.f.. ##.....#
#....>....# #.P#...#
.......# #.........#
#.##...# #.#....+
#.........####%#P.#.#
#.#....#
+.....^..#.#...##....
##.......
#............####.#..
.....##
#%..@....######......
#....# ###.###.##
###...# ##### #. ###
##### ##


There were no monsters in sight!

Vanquished Creatures
  3 hydras
  A necromancer (Lair:2)
  3 black mambas (Lair:1)
  Psyche (D:8)
  4 spiny frogs
  A troll (D:9)
  2 komodo dragons
  A two-headed ogre (D:9)
  12 yaks
  A deep elf mage (D:7)
  5 hippogriffs
  Eustachio (D:6)
  A wyvern (D:9)
  A necrophage (D:8)
  Edmund (D:7)
  7 wolves
  3 water moccasins
  8 orc warriors
  A mottled dragon (D:10)
  3 sky beasts
  5 ogres
  5 porcupines
  2 ice beasts
  2 phantoms
  5 crocodiles
  2 centaurs
  3 big kobolds
  A steam dragon (D:9)
  8 giant frogs
  2 giant slugs (Lair:1)
  A black bear (D:9)
  A gnoll sergeant (D:8)
  A hippogriff zombie (D:8)
  A giant goldfish zombie (D:8)
  2 eyes of draining (D:8)
  6 scorpions
  3 wights (D:7)
  4 crimson imps
  4 goliath beetles
  A jelly (D:8)
  A quasit (D:6)
  A two-headed ogre zombie (D:8)
  2 centaur skeletons
  A black bear zombie (D:6)
  7 hounds
  5 orc priests
  A giant frog zombie (D:5)
  7 iguanas
  An iron imp (D:6)
  6 orc wizards
  A sheep (Lair:2)
  2 orange rats (D:8)
  2 polar bear simulacra (Lair:2)
  7 worker ants
  4 yak simulacra (Lair:2)
  4 wolf simulacra (Lair:2)
  A hound skeleton (D:4)
  3 mummies
  6 gnolls (D:8)
  19 green rats
  An orc skeleton (D:5)
  5 shadow imps
  10 adders
  3 giant mites
  6 worms
  An inept feature mimic (D:10)
  An iguana skeleton (D:9)
  An orc zombie (D:9)
  An adder skeleton (D:4)
  2 giant eyeballs
  5 giant geckos
  25 orcs
  2 ball pythons
  16 bats
  3 giant cockroaches
  14 hobgoblins
  28 jackals
  9 quokkas
  A giant gecko skeleton (D:4)
  7 giant newts
  A giant spore (D:7)
  10 goblins
  A green rat simulacrum (Lair:2)
  2 hobgoblin skeletons
  A hobgoblin zombie (D:8)
  22 kobolds
  A kobold zombie (D:5)
  A quokka zombie (D:8)
  26 rats
  4 rat zombies (D:8)
  5 ballistomycetes (D:7)
415 creatures vanquished.

Vanquished Creatures (collateral kills)
  A kobold (D:3)
1 creature vanquished.

Vanquished Creatures (others)
  An orc (D:11)
  A giant spore (D:7)
2 creatures vanquished.

Grand Total: 418 creatures vanquished

Notes
Turn   | Place    | Note
--------------------------------------------------------------
     0 | D:1      | BoredOne, the Draconian Transmuter, began the quest for the Orb.
     0 | D:1      | Reached XP level 1. HP: 16/16 MP: 3/3
   280 | D:1      | Reached XP level 2. HP: 17/23 MP: 3/5
   290 | D:1      | Learned a level 2 spell: Sticks to Snakes
  1149 | D:2      | Reached XP level 3. HP: 28/28 MP: 6/6
  1154 | D:2      | Learned a level 3 spell: Spider Form
  2402 | D:4      | Reached XP level 4. HP: 31/35 MP: 6/8
  2457 | D:4      | Reached skill level 3 in Spellcasting
  2457 | D:4      | Reached skill level 3 in Transmutations
  2533 | D:4      | Noticed an ogre
  2536 | D:4      | Found a shadowy altar of Dithmenos.
  2589 | D:4      | Reached skill level 4 in Unarmed Combat
  2686 | D:4      | Noticed a scorpion
  2777 | D:4      | Found a snail-covered altar of Cheibriados.
  3201 | D:4      | Killed an ogre
  3201 | D:4      | Reached XP level 5. HP: 40/40 MP: 8/11
  3249 | D:4      | Got a twisted whip
  3250 | D:4      | Identified the +7,+2 whip of Beogh {slash, rElec} (You found it on level 4 of the Dungeon)
  3501 | D:4      | Killed a scorpion
  3501 | D:4      | Reached skill level 4 in Transmutations
  3501 | D:4      | Reached XP level 6. HP: 30/47 MP: 13/13
  3508 | D:4      | Learned a level 5 spell: Blade Hands
  3813 | D:5      | Entered Level 5 of the Dungeon
  4144 | D:5      | Reached skill level 5 in Unarmed Combat
  4223 | D:5      | Reached skill level 4 in Spellcasting
  4780 | D:5      | Your scales start taking on a fiery red colour.
  4780 | D:5      | Gained mutation: Your flesh is heat resistant. [draconian maturity]
  4780 | D:5      | Reached XP level 7. HP: 27/52 MP: 17/17
  4877 | D:5      | Found a staircase to the Ecumenical Temple.
  4903 | D:5      | Reached skill level 5 in Transmutations
  5106 | Temple   | Entered the Ecumenical Temple
  5235 | D:6      | Noticed Eustachio
  5259 | D:6      | Killed Eustachio
  5334 | D:6      | Paralysed by a giant eyeball for 3 turns
  5338 | D:6      | Paralysed by a giant eyeball for 3 turns
  5469 | D:6      | Reached skill level 6 in Unarmed Combat
  5908 | D:7      | Found Zin's Purification Station.
  5910 | D:7      | Found a glowing silver altar of Zin.
  5969 | D:7      | Noticed a deep elf mage
  5982 | D:7      | Killed a deep elf mage
  5982 | D:7      | Reached skill level 5 in Spellcasting
  5982 | D:7      | Reached XP level 8. HP: 53/59 MP: 20/20
  6475 | D:7      | Found a sparkling altar of Nemelex Xobeh.
  6528 | D:7      | Reached skill level 6 in Transmutations
  6761 | D:7      | Reached skill level 7 in Unarmed Combat
  7042 | D:7      | Noticed Edmund
  7057 | D:7      | Killed Edmund
  7057 | D:7      | Reached skill level 6 in Spellcasting
  8225 | D:8      | Reached XP level 9. HP: 47/64 MP: 23/23
  8268 | D:8      | Reached skill level 7 in Transmutations
  9185 | D:8      | Noticed a komodo dragon
  9188 | D:8      | Killed a komodo dragon
  9188 | D:8      | Reached skill level 8 in Unarmed Combat
  9188 | D:8      | Reached skill level 7 in Spellcasting
  9419 | D:8      | Found a staircase to the Lair.
  9547 | D:8      | HP: 9/64 [gnoll/spear (8)]
  9602 | D:8      | Noticed Psyche
 10050 | D:8      | Reached skill level 8 in Transmutations
 10161 | D:8      | Killed Psyche
 10299 | D:8      | Reached skill level 9 in Unarmed Combat
 11410 | D:8      | Reached XP level 10. HP: 39/71 MP: 25/25
 11812 | D:8      | HP: 12/71 [hippogriff (3)]
 11813 | D:8      | Reached skill level 9 in Transmutations
 12135 | D:8      | Paralysed by a kobold for 3 turns
 12143 | D:8      | Paralysed by a kobold for 3 turns
 12646 | D:8      | Found an ancient bone altar of Kikubaaqudgha.
 13036 | D:8      | Reached skill level 10 in Unarmed Combat
 13038 | D:8      | HP: 10/71 [giant frog (8)]
 13395 | D:9      | Got a twisted trident
 13396 | D:9      | Identified the +9,+8 trident of the Evil Eye {drain, rF++ MR+ Str+3} (You found it on level 9 of the Dungeon)
 13422 | D:9      | Found Gheshesu's Assorted Antiques.
 13429 | D:9      | Bought a scroll of identify for 36 gold pieces
 13429 | D:9      | Bought a viscous brown potion for 16 gold pieces
 13585 | D:9      | Found Duezos' Antique Weapon Shop.
 14175 | D:9      | Reached skill level 10 in Transmutations
 14361 | D:9      | Found a shattered altar of Ashenzari.
 14364 | D:9      | Became a worshipper of Ashenzari the Shackled
 14837 | D:10     | Entered Level 10 of the Dungeon
 14868 | D:10     | Reached skill level 1 in Shields
 15172 | D:10     | Found a shimmering altar of Xom.
 15212 | D:10     | Reached skill level 2 in Shields
 15569 | D:10     | Reached skill level 11 in Unarmed Combat
 15955 | D:10     | Reached skill level 3 in Shields
 15990 | D:10     | Reached XP level 11. HP: 17/77 MP: 20/26
 16660 | D:11     | Noticed a hill giant
 17033 | Lair:1   | Entered Level 1 of the Lair of Beasts
 17948 | Lair:1   | Reached skill level 4 in Shields
 18858 | Lair:1   | Reached skill level 11 in Transmutations
 19129 | Lair:1   | Noticed an eight-headed hydra
 19143 | Lair:1   | Killed an eight-headed hydra
 19484 | Lair:1   | HP: 14/77 [wolf (7)]
 20156 | Lair:2   | Reached skill level 5 in Shields
 20243 | Lair:2   | Noticed a necromancer
 20252 | Lair:2   | Killed a necromancer
 21205 | Lair:1   | Noticed a five-headed hydra
 21209 | Lair:1   | Killed a five-headed hydra
 21209 | Lair:1   | Reached skill level 12 in Unarmed Combat
 21902 | Lair:2   | Reached skill level 6 in Shields
 22052 | Lair:2   | Learned a level 2 spell: Stoneskin
 22060 | Lair:2   | Learned a level 7 spell: Dragon Form
 22376 | Lair:2   | Noticed a four-headed hydra
 22398 | Lair:2   | Killed a four-headed hydra
 22736 | Lair:2   | Reached XP level 12. HP: 63/83 MP: 25/27
 23187 | Lair:2   | HP: 15/83 [poisoned by a spiny frog]
 23192 | Lair:2   | HP: 8/83 [poisoned by a spiny frog]
 23197 | Lair:2   | Gained mutation: Your vision is a little blurry. [potion of mutation]
 23197 | Lair:2   | Gained mutation: You are dopey. (Int -2) [potion of mutation]
 23197 | Lair:2   | Gained mutation: You heal slowly when monsters are visible. [potion of mutation]
 23197 | Lair:2   | HP: 3/83 [poisoned by a spiny frog]
 23200 | Lair:2   | HP: 1/83 [poisoned by a spiny frog]
 23201 | Lair:2   | Succumbed to a spiny frog's poison

Action                   |  1- 3 |  4- 6 |  7- 9 | 10-12 || total
-------------------------+-------+-------+-------+-------++-------
Melee: Unarmed           |   202 |    45 |    64 |   347 ||   658
       Long sword        |       |    14 |       |       ||    14
       Whip              |       |   146 |   417 |   166 ||   729
       Trident           |       |       |       |   162 ||   162
Throw: Tomahawk          |       |       |     3 |       ||     3
 Cast: Beastly Appendage |    15 |    10 |    13 |    11 ||    49
       Sticks to Snakes  |       |     4 |       |       ||     4
       Spider Form       |       |     1 |     5 |     3 ||     9
       Blade Hands       |       |       |     6 |    26 ||    32
 Abil: Breathe Fire      |       |       |    16 |    17 ||    33
       End Transformatio |       |       |     1 |       ||     1
Evoke: Wand              |       |       |     8 |    18 ||    26
  Use: Scroll            |     7 |    11 |    13 |    21 ||    52
       Potion            |       |     2 |     7 |     8 ||    17
 Stab: Sleeping          |     1 |     1 |       |     2 ||     4
Dungeon Crawl Stone Soup version 0.14.1-18-g0856e53 (webtiles) character file. 16984 BoredOne the Martial Artist (level 12, 0/83 HPs) Began as a Red Draconian Transmuter on June 5, 2014. Was a Follower of Ashenzari. Succumbed to a spiny frog's poison ... on Level 2 of the Lair of Beasts. The game lasted 01:13:49 (23201 turns). BoredOne the Martial Artist (DrTm) Turns: 23201, Time: 01:13:49 HP 0/83 AC 10 Str 13 XL: 12 Next: 8% MP 27/27 EV 10 Int 14 God: Ashenzari [*.....] Gold 755 SH 20 Dex 14 Spells: 6 memorised, 5 levels left rFire + . . SeeInvis + - Unarmed rCold . . . Clarity . (armour unavailable) rNeg . . . Conserve + t - +0 shield (curse) rPois . rCorr . (helmet restricted) rElec . rRot . (no cloak) SustAb . . Spirit . (no gloves) rMut . Warding . M - +1 pair of boots (curse) Saprov . . . Stasis . i - cursed amulet of conservation MR +.... p - ring of see invisible q - cursed ring of protection from magic @: flying, lethally poisoned, very slightly contaminated, somewhat resistant to hostile enchantments, unstealthy A: breathe fire, unfitting armour, blurry vision 1, dopey 1, fire resistance 1, slow healing 1, AC +8 a: Breathe Fire, Renounce Religion You were on level 2 of the Lair of Beasts. You worshipped Ashenzari. Ashenzari was aware of your devotion. You were not hungry. You visited 3 branches of the dungeon, and saw 14 of its levels. You collected 807 gold pieces. You spent 52 gold pieces at shops. Dungeon Overview and Level Annotations Branches: Dungeon (11/15) Temple (1/1) D:5 Lair (2/8) D:8 Orc: D:9-12 Altars: Ashenzari Cheibriados Dithmenos Elyvilon Fedhas Kikubaaqudgha Makhleb Nemelex Xobeh Okawaru Sif Muna Trog Vehumet Xom Yredelemnul Zin The Shining One Shops: D:7 * D:9 *( Innate Abilities, Weirdness & Mutations You can breathe blasts of fire.* Your fiery red scales are hard (AC +8).* Your body does not fit into most forms of armour. Your cold-blooded metabolism reacts poorly to cold. Your flesh is heat resistant.* Your vision is a little blurry. You are dopey. (Int -2) You heal slowly when monsters are visible. Skills: - Level 1.1 Fighting - Level 1.7 Dodging + Level 6.8 Shields + Level 12.5 Unarmed Combat - Level 7.0 Spellcasting + Level 11.9 Transmutations You had 5 spell levels left. You knew the following spells: Your Spells Type Power Failure Level Hunger a - Beastly Appendage Trmt #####. 1% 1 None b - Sticks to Snakes Trmt #####..... 1% 2 None c - Dragon Form Trmt #####..... 99% 7 ####### f - Blade Hands Trmt #####..... 8% 5 #####.. s - Spider Form Trmt/Pois ###....... 10% 3 ###.... v - Stoneskin Trmt/Erth ###....... 4% 2 None Inventory: Hand weapons W - the +9,+8 trident of the Evil Eye {drain, rF++ MR+ Str+3} (You found it on level 9 of the Dungeon) A truly terrible weapon, it drains the life of those it strikes. It affects your strength (+3). It greatly protects you from fire. It affects your resistance to hostile enchantments. Missiles b - 37 arrows x - 8 curare-tipped needles I - 7 tomahawks (quivered) Armour t - a cursed +0 shield (worn) D - a +0 buckler M - a cursed +1 pair of boots (worn) Magical devices d - a wand of enslavement (11) {unknown} z - a wand of frost (17) J - a wand of cold (6) R - a wand of draining (7) Comestibles a - 7 bread rations l - 5 cheeses v - an apple w - 2 meat rations A - 3 rotting chunks of wolf flesh {@w1} Scrolls e - 3 scrolls of amnesia j - 3 scrolls of remove curse s - a scroll of immolation u - 2 scrolls of curse jewellery Jewellery h - an uncursed ring of ice i - a cursed amulet of conservation (around neck) o - an uncursed amulet of resist mutation p - a ring of see invisible (right hand) q - a cursed ring of protection from magic (left hand) K - an uncursed ring of fire P - an uncursed ring of magical power Potions c - a potion of might g - 2 potions of brilliance m - 4 potions of magic E - a potion of cure mutation {!q} H - 3 potions of restore abilities Books y - a book of Transfigurations Spells Type Level *Stoneskin Transmutation/Earth 2 Ice Form Ice/Transmutation 4 Statue Form Transmutation/Earth 6 *Dragon Form Transmutation 7 Miscellaneous Q - a plain deck of war {the Dance} Message History * * * LOW HITPOINT WARNING * * * You feel sick. Drink which item? (? for menu, Esc to quit) You feel very buoyant. You fly up into the air. It was a potion of flight. * * * LOW HITPOINT WARNING * * * You feel sick. Drink which item? (? for menu, Esc to quit) You feel extremely strange. Your vision blurs. You feel stupid. Your natural healing is weakened. It was a potion of mutation. * * * LOW HITPOINT WARNING * * * You feel sick. * * * LOW HITPOINT WARNING * * * You feel sick. * * * LOW HITPOINT WARNING * * * You feel sick. * * * LOW HITPOINT WARNING * * * You feel sick. You die... ####.## ###.## #..#...# ###P'f## ##.##.#+.# #..'.#.. #.#....# ......!..## #..#.f.. ##.....# #....>....# #.P#...# .......# #.........# #.##...# #.#....+ #.........####%#P.#.# #.#....# +.....^..#.#...##.... ##....... #............####.#.. .....## #%..@....######...... #....# ###.###.## ###...# ##### #. ### ##### ## There were no monsters in sight!

Action                   |  1- 3 |  4- 6 |  7- 9 | 10-12 || total
-------------------------+-------+-------+-------+-------++-------
Melee: Unarmed           |   202 |    45 |    64 |   347 ||   658
       Long sword        |       |    14 |       |       ||    14
       Whip              |       |   146 |   417 |   166 ||   729
       Trident           |       |       |       |   162 ||   162
Throw: Tomahawk          |       |       |     3 |       ||     3
 Cast: Beastly Appendage |    15 |    10 |    13 |    11 ||    49
       Sticks to Snakes  |       |     4 |       |       ||     4
       Spider Form       |       |     1 |     5 |     3 ||     9
       Blade Hands       |       |       |     6 |    26 ||    32
 Abil: Breathe Fire      |       |       |    16 |    17 ||    33
       End Transformatio |       |       |     1 |       ||     1
Evoke: Wand              |       |       |     8 |    18 ||    26
  Use: Scroll            |     7 |    11 |    13 |    21 ||    52
       Potion            |       |     2 |     7 |     8 ||    17
 Stab: Sleeping          |     1 |     1 |       |     2 ||     4

Vanquished Creatures
  3 hydras
  A necromancer (Lair:2)
  3 black mambas (Lair:1)
  Psyche (D:8)
  4 spiny frogs
  A troll (D:9)
  2 komodo dragons
  A two-headed ogre (D:9)
  12 yaks
  A deep elf mage (D:7)
  5 hippogriffs
  Eustachio (D:6)
  A wyvern (D:9)
  A necrophage (D:8)
  Edmund (D:7)
  7 wolves
  3 water moccasins
  8 orc warriors
  A mottled dragon (D:10)
  3 sky beasts
  5 ogres
  5 porcupines
  2 ice beasts
  2 phantoms
  5 crocodiles
  2 centaurs
  3 big kobolds
  A steam dragon (D:9)
  8 giant frogs
  2 giant slugs (Lair:1)
  A black bear (D:9)
  A gnoll sergeant (D:8)
  A hippogriff zombie (D:8)
  A giant goldfish zombie (D:8)
  2 eyes of draining (D:8)
  6 scorpions
  3 wights (D:7)
  4 crimson imps
  4 goliath beetles
  A jelly (D:8)
  A quasit (D:6)
  A two-headed ogre zombie (D:8)
  2 centaur skeletons
  A black bear zombie (D:6)
  7 hounds
  5 orc priests
  A giant frog zombie (D:5)
  7 iguanas
  An iron imp (D:6)
  6 orc wizards
  A sheep (Lair:2)
  2 orange rats (D:8)
  2 polar bear simulacra (Lair:2)
  7 worker ants
  4 yak simulacra (Lair:2)
  4 wolf simulacra (Lair:2)
  A hound skeleton (D:4)
  3 mummies
  6 gnolls (D:8)
  19 green rats
  An orc skeleton (D:5)
  5 shadow imps
  10 adders
  3 giant mites
  6 worms
  An inept feature mimic (D:10)
  An iguana skeleton (D:9)
  An orc zombie (D:9)
  An adder skeleton (D:4)
  2 giant eyeballs
  5 giant geckos
  25 orcs
  2 ball pythons
  16 bats
  3 giant cockroaches
  14 hobgoblins
  28 jackals
  9 quokkas
  A giant gecko skeleton (D:4)
  7 giant newts
  A giant spore (D:7)
  10 goblins
  A green rat simulacrum (Lair:2)
  2 hobgoblin skeletons
  A hobgoblin zombie (D:8)
  22 kobolds
  A kobold zombie (D:5)
  A quokka zombie (D:8)
  26 rats
  4 rat zombies (D:8)
  5 ballistomycetes (D:7)
415 creatures vanquished.

Vanquished Creatures (collateral kills)
  A kobold (D:3)
1 creature vanquished.

Vanquished Creatures (others)
  An orc (D:11)
  A giant spore (D:7)
2 creatures vanquished. Grand Total:
418 creatures vanquished Notes Turn | Place | Note -------------------------------------------------------------- 0 | D:1 | BoredOne, the Draconian Transmuter, began the quest for the Orb. 0 | D:1 | Reached XP level 1. HP: 16/16 MP: 3/3 280 | D:1 | Reached XP level 2. HP: 17/23 MP: 3/5 290 | D:1 | Learned a level 2 spell: Sticks to Snakes 1149 | D:2 | Reached XP level 3. HP: 28/28 MP: 6/6 1154 | D:2 | Learned a level 3 spell: Spider Form 2402 | D:4 | Reached XP level 4. HP: 31/35 MP: 6/8 2457 | D:4 | Reached skill level 3 in Spellcasting 2457 | D:4 | Reached skill level 3 in Transmutations 2533 | D:4 | Noticed an ogre 2536 | D:4 | Found a shadowy altar of Dithmenos. 2589 | D:4 | Reached skill level 4 in Unarmed Combat 2686 | D:4 | Noticed a scorpion 2777 | D:4 | Found a snail-covered altar of Cheibriados. 3201 | D:4 | Killed an ogre 3201 | D:4 | Reached XP level 5. HP: 40/40 MP: 8/11 3249 | D:4 | Got a twisted whip 3250 | D:4 | Identified the +7,+2 whip of Beogh {slash, rElec} (You found it on level 4 of the Dungeon) 3501 | D:4 | Killed a scorpion 3501 | D:4 | Reached skill level 4 in Transmutations 3501 | D:4 | Reached XP level 6. HP: 30/47 MP: 13/13 3508 | D:4 | Learned a level 5 spell: Blade Hands 3813 | D:5 | Entered Level 5 of the Dungeon 4144 | D:5 | Reached skill level 5 in Unarmed Combat 4223 | D:5 | Reached skill level 4 in Spellcasting 4780 | D:5 | Your scales start taking on a fiery red colour. 4780 | D:5 | Gained mutation: Your flesh is heat resistant. [draconian maturity] 4780 | D:5 | Reached XP level 7. HP: 27/52 MP: 17/17 4877 | D:5 | Found a staircase to the Ecumenical Temple. 4903 | D:5 | Reached skill level 5 in Transmutations 5106 | Temple | Entered the Ecumenical Temple 5235 | D:6 | Noticed Eustachio 5259 | D:6 | Killed Eustachio 5334 | D:6 | Paralysed by a giant eyeball for 3 turns 5338 | D:6 | Paralysed by a giant eyeball for 3 turns 5469 | D:6 | Reached skill level 6 in Unarmed Combat 5908 | D:7 | Found Zin's Purification Station. 5910 | D:7 | Found a glowing silver altar of Zin. 5969 | D:7 | Noticed a deep elf mage 5982 | D:7 | Killed a deep elf mage 5982 | D:7 | Reached skill level 5 in Spellcasting 5982 | D:7 | Reached XP level 8. HP: 53/59 MP: 20/20 6475 | D:7 | Found a sparkling altar of Nemelex Xobeh. 6528 | D:7 | Reached skill level 6 in Transmutations 6761 | D:7 | Reached skill level 7 in Unarmed Combat 7042 | D:7 | Noticed Edmund 7057 | D:7 | Killed Edmund 7057 | D:7 | Reached skill level 6 in Spellcasting 8225 | D:8 | Reached XP level 9. HP: 47/64 MP: 23/23 8268 | D:8 | Reached skill level 7 in Transmutations 9185 | D:8 | Noticed a komodo dragon 9188 | D:8 | Killed a komodo dragon 9188 | D:8 | Reached skill level 8 in Unarmed Combat 9188 | D:8 | Reached skill level 7 in Spellcasting 9419 | D:8 | Found a staircase to the Lair. 9547 | D:8 | HP: 9/64 [gnoll/spear (8)] 9602 | D:8 | Noticed Psyche 10050 | D:8 | Reached skill level 8 in Transmutations 10161 | D:8 | Killed Psyche 10299 | D:8 | Reached skill level 9 in Unarmed Combat 11410 | D:8 | Reached XP level 10. HP: 39/71 MP: 25/25 11812 | D:8 | HP: 12/71 [hippogriff (3)] 11813 | D:8 | Reached skill level 9 in Transmutations 12135 | D:8 | Paralysed by a kobold for 3 turns 12143 | D:8 | Paralysed by a kobold for 3 turns 12646 | D:8 | Found an ancient bone altar of Kikubaaqudgha. 13036 | D:8 | Reached skill level 10 in Unarmed Combat 13038 | D:8 | HP: 10/71 [giant frog (8)] 13395 | D:9 | Got a twisted trident 13396 | D:9 | Identified the +9,+8 trident of the Evil Eye {drain, rF++ MR+ Str+3} (You found it on level 9 of the Dungeon) 13422 | D:9 | Found Gheshesu's Assorted Antiques. 13429 | D:9 | Bought a scroll of identify for 36 gold pieces 13429 | D:9 | Bought a viscous brown potion for 16 gold pieces 13585 | D:9 | Found Duezos' Antique Weapon Shop. 14175 | D:9 | Reached skill level 10 in Transmutations 14361 | D:9 | Found a shattered altar of Ashenzari. 14364 | D:9 | Became a worshipper of Ashenzari the Shackled 14837 | D:10 | Entered Level 10 of the Dungeon 14868 | D:10 | Reached skill level 1 in Shields 15172 | D:10 | Found a shimmering altar of Xom. 15212 | D:10 | Reached skill level 2 in Shields 15569 | D:10 | Reached skill level 11 in Unarmed Combat 15955 | D:10 | Reached skill level 3 in Shields 15990 | D:10 | Reached XP level 11. HP: 17/77 MP: 20/26 16660 | D:11 | Noticed a hill giant 17033 | Lair:1 | Entered Level 1 of the Lair of Beasts 17948 | Lair:1 | Reached skill level 4 in Shields 18858 | Lair:1 | Reached skill level 11 in Transmutations 19129 | Lair:1 | Noticed an eight-headed hydra 19143 | Lair:1 | Killed an eight-headed hydra 19484 | Lair:1 | HP: 14/77 [wolf (7)] 20156 | Lair:2 | Reached skill level 5 in Shields 20243 | Lair:2 | Noticed a necromancer 20252 | Lair:2 | Killed a necromancer 21205 | Lair:1 | Noticed a five-headed hydra 21209 | Lair:1 | Killed a five-headed hydra 21209 | Lair:1 | Reached skill level 12 in Unarmed Combat 21902 | Lair:2 | Reached skill level 6 in Shields 22052 | Lair:2 | Learned a level 2 spell: Stoneskin 22060 | Lair:2 | Learned a level 7 spell: Dragon Form 22376 | Lair:2 | Noticed a four-headed hydra 22398 | Lair:2 | Killed a four-headed hydra 22736 | Lair:2 | Reached XP level 12. HP: 63/83 MP: 25/27 23187 | Lair:2 | HP: 15/83 [poisoned by a spiny frog] 23192 | Lair:2 | HP: 8/83 [poisoned by a spiny frog] 23197 | Lair:2 | Gained mutation: Your vision is a little blurry. [potion of mutation] 23197 | Lair:2 | Gained mutation: You are dopey. (Int -2) [potion of mutation] 23197 | Lair:2 | Gained mutation: You heal slowly when monsters are visible. [potion of mutation] 23197 | Lair:2 | HP: 3/83 [poisoned by a spiny frog] 23200 | Lair:2 | HP: 1/83 [poisoned by a spiny frog] 23201 | Lair:2 | Succumbed to a spiny frog's poison

Vault maps used:
D:1:      scummos_arrival_forest, kennysheep_decorative_pillar
D:4:      lemuel_doored_altar, cheibriados_altar_wand_db, first_bread
D:5:      temple_green
D:6:      uniq_eustachio
D:7:      nemelex_deck, zin_purify, uniq_edmund
D:8:      lemuel_zombie_altar_kikubaaqudgha, dpeg_lair_monsters, grunt_rat_hole,
          minmay_misc_feat_diagonals, item_on_display_a, uniq_psyche
D:9:      kennysheep_mini_moat, serial_shops, nicolae_shop_crystal, shop,
          corexii_leaking_fountain
D:10:     basic_altar
D:11:     orc_0_dummy
Temple:   eino_wide_crystal_templ_10
Lair:1:   nicolae_lair_grove_arrangements
Lair:2:   eino_house_with_fridge
